 Dungeon Sprint DCSS version 0.22.1-1-ga44c0e56f4 (webtiles) character file.

8794 MuseOD the Unseen (level 11, -3/62 HPs)
             Began as a Spriggan Enchanter on Sept 27, 2018.
             Was the Champion of Dithmenos.
             Killed from afar by a deep elf mage (42 damage)
             ... with a bolt of negative energy
             ... in the Dungeon (Sprint III: "The Ten Rune Challenge").
             The game lasted 00:07:50 (2212 turns).

MuseOD the Unseen (Spriggan Enchanter)              Turns: 2212, Time: 00:07:51

Health: -3/62      AC:  2    Str:  4    XL:     11   Next: 14%
Magic:  16/27      EV: 17    Int: 20    God:    Dithmenos [******]
Gold:   4630       SH:  0    Dex: 17    Spells: 21/33 levels left

rFire    . . .     SeeInvis +   a - +1 dagger
rCold    . . .     Gourm    .   (shield restricted)
rNeg     . . .     Faith    .   b - +0 robe
rPois    .         Spirit   .   (helmet restricted)
rElec    .         Reflect  .   r - scarf {cloud immunity}
rCorr    .         Harm     .   (gloves unavailable)
MR       +....     NoTele   +   (boots unavailable)
Stlth    ++++++++++             (no amulet)
HPRegen  0.20/turn              (no ring)
MPRegen  0.20/turn              (no ring)

@: wreathed by umbra, drained, very quick
A: very small, unfitting armour, see invisible, herbivore, speed 3, slow
metabolism 2
a: Shadow Step, Shadow Form, Renounce Religion


You were in the Dungeon.
You worshipped Dithmenos.
Dithmenos was exalted by your worship.
You were not hungry.

You visited 1 branch You collected 5022 gold pieces.
You spent 392 gold pieces at shops.

Inventory:

Hand Weapons
 a - a +1 dagger (weapon)
 s - a +2 dagger of draining
Armour
 b - a +0 robe (worn)
 c - a +0 cloak
 r - a scarf of cloud immunity (worn)
Wands
 t - a wand of acid (10)
Scrolls
 j - a scroll of blinking
 l - a scroll of holy word {unknown}
 m - 3 scrolls of identify {unknown}
 n - 2 scrolls of remove curse
 p - a scroll of immolation {unknown}
Potions
 e - a potion of agility {unknown}
 f - a potion of heal wounds
 g - a potion of haste
 h - 2 potions of magic
 i - 2 potions of berserk rage
 k - 3 potions of mutation {unknown}
 o - 4 potions of flight
 q - a potion of might
Comestibles
 d - 4 rations


   Skills:
 - Level 9.3(8.5) Fighting
 - Level 16.0(15.0) Short Blades
 - Level 3.0(2.3) Dodging
 + Level 20.7(19.7) Stealth
 + Level 11.9(11.0) Spellcasting
 + Level 12.1(11.2) Hexes


You had 21 spell levels left.
You knew the following spells:

 Your Spells              Type           Power        Failure   Level  Hunger
a - Corona                Hex            ######.      1%          1    None
b - Ensorcelled Hibernat  Hex/Ice        ####..       1%          2    None
c - Confuse               Hex            ######..     1%          3    None
d - Dazzling Spray        Conj/Hex       ####..       1%          3    None
e - Mephitic Cloud        Conj/Pois/Air  ##......     19%         3    None

Your spell library contained the following spells:

 Spells                   Type           Power        Failure   Level  Hunger
 Confusing Touch          Hex            ######       1%          1    None
 Slow                     Hex            ######..     1%          2    None
 Tukima's Dance           Hex            ######..     1%          3    None
 Magic Dart               Conj           ##..         6%          1    None
 Blink                    Tloc           N/A          10%         2    None
 Call Imp                 Summ           ##......     10%         2    None
 Metabolic Englaciation   Hex/Ice        ####......   17%         5    ####...
 Yara's Violent Unravell  Hex/Tmut       ####......   17%         5    ####...
 Conjure Flame            Conj/Fire      ##......     19%         3    None
 Gell's Gravitas          Tloc           ##........   19%         3    None
 Petrify                  Tmut/Erth      ##......     52%         4    ##.....


Dungeon Overview and Level Annotations

Branches:
Dungeon (1/1)

Altars:
Dithmenos
Elyvilon
Kikubaaqudgha
Okawaru
Ru
Sif Muna
Trog
Uskayaw
Vehumet
Wu Jian
Yredelemnul
Zin
The Shining One
Beogh

Shops:
D }


Innate Abilities, Weirdness & Mutations

You are very small and have problems with some larger weapons.
You are too small for most types of armour.
You have supernaturally acute eyesight. (SInv)
You are a herbivore.
You cover ground extremely quickly.
You need to consume almost no food.


Message History

There is an open door to the Orcish Mines, spattered with blood here.
You see here an orc skeleton.
You close the door.
Things that are here:
a robe; a great mace You start resting.
A deep elf mage opens the door.
It is wielding a long sword.
Things that are here:
a robe; a great mace
Casting: Ensorcelled Hibernation (safe; 1% risk of failure)
Confirm with . or Enter, or press ? or * to list all spells.
Aiming: Ensorcelled Hibernation (safe; 1% risk of failure)
Press: ? - help, Shift-Dir - straight line, f - deep elf mage
Aim: a deep elf mage, wielding a long sword (hasn't noticed you, umbra, chance The deep elf mage shouts!
The deep elf mage resists with some effort.
The deep elf mage casts a spell at you. The bolt of negative energy hits you!
You feel drained.
Ouch! That really hurt!
You die...

##.###############.# ##########
#..#___#___#__#.∩#.####e.)e#...#
#..#)..#__)#._#.......).##)#...#
#..###'#'###'##......)..#
§#...≈≈
#..#..........#.).......#
e#...##
...')⌠........#.)§##..#.# s'...#
...#...######'#)##.###..# ######
...#)⌠.# #...#e#################
...#...# #...#.@).#)#.#)....#...
...#'### #...##.#.)#)##.###.#...
...#...# #...'##.#.#.##.#).##...
...#___# +...#...#..#..##.)'..^.
▓▓▓▓▓▓▓▓ ▓▓▓▓▓▓▓▓▓▓▓▓▓▓▓▓▓▓#..^.
#...† +..^. #.... ##'##


You could see a deep elf mage.

Vanquished Creatures
  Harold (D)
  Erolcha (D)
  2 orc high priests (D)
  Joseph (D)
  2 orc knights (D)
  4 deep elf magi (D)
  An orc sorcerer (D)
  2 redbacks (D)
  A shadow (D)
  2 orc warriors (D)
  A necrophage (D)
  5 two-headed ogres (D)
  A water elemental (D)
  A jelly (D)
  An orc priest (D)
  3 orc wizards (D)
  Crazy Yiuf (D)
  A wizard (D)
  Jessica (D)
  A necromancer (D)
  3 humans (D)
  A kobold demonologist (D)
  2 oozes (D)
  A leopard gecko (D)
  3 orcs (D)
  A rat (D)
44 creatures vanquished.

Vanquished Creatures (others)
  2 draconian scorchers (D)
  6 hellions (D)
  A yaktaur (D)
  An orc wizard (D)
  A plant (D)
11 creatures vanquished.

Grand Total: 55 creatures vanquished

Notes
Turn   | Place    | Note
-------+----------+-------------------------------------------
     0 | D        | MuseOD the Spriggan Enchanter began the quest for the Orb.
     0 | D        | Reached XP level 1. HP: 9/9 MP: 5/5
    10 | D        | Reached skill level 1 in Fighting
    10 | D        | Reached skill level 5 in Stealth
    85 | D        | Killed a hellion
    95 | D        | Killed a hellion
   103 | D        | Killed a hellion
   171 | D        | Killed a white draconian scorcher
   192 | D        | Killed a hellion
   193 | D        | Killed a white draconian scorcher
   194 | D        | Killed a hellion
   195 | D        | Killed a hellion
   225 | D        | Killed a yaktaur
   247 | D        | Reached XP level 2. HP: 7/14 MP: 6/6
   251 | D        | Learned a level 2 spell: Ensorcelled Hibernation
   334 | D        | Noticed Jessica
   339 | D        | Killed Jessica
   339 | D        | Reached skill level 6 in Stealth
   339 | D        | Reached XP level 3. HP: 14/19 MP: 0/8
   414 | D        | Learned a level 3 spell: Confuse
   426 | D        | Noticed Crazy Yiuf
   605 | D        | Reached skill level 5 in Short Blades
   605 | D        | Reached skill level 7 in Stealth
   641 | D        | Killed Crazy Yiuf
   641 | D        | Reached XP level 4. HP: 24/24 MP: 2/9
   722 | D        | Noticed a water elemental
   725 | D        | Killed a water elemental
   725 | D        | Reached skill level 9 in Stealth
   725 | D        | Reached XP level 5. HP: 29/29 MP: 10/10
   733 | D        | Found a basalt altar of Yredelemnul.
   733 | D        | Found a shadowy altar of Dithmenos.
   733 | D        | Found a sacrificial altar of Ru.
   733 | D        | Noticed a necrophage
   736 | D        | Killed a necrophage
   736 | D        | Reached skill level 10 in Stealth
   740 | D        | Became a worshipper of Dithmenos the Shadowed
   748 | D        | Found a glowing silver altar of Zin.
   748 | D        | Found a glowing golden altar of the Shining One.
   748 | D        | Found a white marble altar of Elyvilon.
   748 | D        | Noticed a deep elf mage
   751 | D        | Killed a deep elf mage
   751 | D        | Reached skill level 12 in Stealth
   751 | D        | Reached XP level 6. HP: 37/37 MP: 11/11
   751 | D        | Reached XP level 7. HP: 41/41 MP: 12/12
   754 | D        | Found a hide-covered altar of Uskayaw.
   754 | D        | Found a roughly hewn altar of Beogh.
   754 | D        | Found an iron altar of Okawaru.
   754 | D        | Found a bloodstained altar of Trog.
   754 | D        | Found an ornate altar of the Wu Jian Council.
   754 | D        | Noticed a human
   754 | D        | Noticed a human
   757 | D        | Killed a human
   757 | D        | Reached skill level 13 in Stealth
   760 | D        | Killed a human
   760 | D        | Reached * piety under Dithmenos
   783 | D        | Found a radiant altar of Vehumet.
   783 | D        | Found a deep blue altar of Sif Muna.
   783 | D        | Found an ancient bone altar of Kikubaaqudgha.
   787 | D        | Noticed an ice devil
  1060 | D        | Reached XP level 8. HP: 26/46 MP: 6/13
  1074 | D        | Learned a level 3 spell: Dazzling Spray
  1078 | D        | Learned a level 3 spell: Mephitic Cloud
  1204 | D        | Reached ** piety under Dithmenos
  1204 | D        | Reached skill level 14 in Stealth
  1236 | D        | Reached *** piety under Dithmenos
  1243 | D        | Noticed a two-headed ogre
  1246 | D        | Killed a two-headed ogre
  1250 | D        | Noticed a two-headed ogre
  1250 | D        | Noticed Erolcha
  1252 | D        | Killed Erolcha
  1252 | D        | Reached skill level 15 in Short Blades
  1252 | D        | Reached skill level 15 in Stealth
  1252 | D        | Reached XP level 9. HP: 52/52 MP: 7/14
  1253 | D        | Killed a two-headed ogre
  1253 | D        | Reached skill level 16 in Stealth
  1258 | D        | Reached **** piety under Dithmenos
  1556 | D        | Noticed Joseph
  1557 | D        | Noticed Harold
  1560 | D        | Killed Harold
  1560 | D        | Reached skill level 18 in Stealth
  1560 | D        | Reached XP level 10. HP: 58/58 MP: 15/22
  1561 | D        | Killed Joseph
  1633 | D        | Found Tacs's Gadget Boutique.
  1644 | D        | Noticed an orc knight
  1654 | D        | Noticed an orc knight
  1655 | D        | Killed an orc knight
  1656 | D        | Reached ***** piety under Dithmenos
  1682 | D        | Noticed an orc high priest
  1686 | D        | Killed an orc knight
  1686 | D        | Reached skill level 19 in Stealth
  1816 | D        | Killed an orc high priest
  1816 | D        | Reached skill level 10 in Spellcasting
  1816 | D        | Reached skill level 10 in Hexes
  1823 | D        | Noticed an orc high priest
  1837 | D        | Killed an orc high priest
  1847 | D        | Reached skill level 20 in Stealth
  1872 | D        | Bought a wand of acid (10) for 392 gold pieces
  1897 | D        | Noticed an orc sorcerer
  2000 | D        | Noticed a sun demon
  2011 | D        | Killed an orc sorcerer
  2011 | D        | Reached ****** piety under Dithmenos
  2083 | D        | Noticed a deep elf knight
  2083 | D        | Noticed a deep elf mage
  2083 | D        | Noticed a deep elf mage
  2083 | D        | Noticed a deep elf mage
  2083 | D        | Noticed a deep elf mage
  2095 | D        | Killed a deep elf mage
  2095 | D        | Reached XP level 11. HP: 38/62 MP: 19/27
  2098 | D        | Killed a deep elf mage
  2115 | D        | Killed a deep elf mage
  2212 | D        | Killed from afar by a deep elf mage

Skill      XL: |  1  2  3  4  5  6  7  8  9 10 11 |
---------------+----------------------------------+-----
Fighting       | 1 2 3 4 6 7 8 9 |  9.3
Short Blades   | 3 4 6 7 12 13 15 16 | 16.0
Stealth        | 5 6 7 9 12 13 15 18 20 | 20.7
Spellcasting   | 7 11 | 11.9
Hexes          | 8 11 12 | 12.1
Dodging        | |  3.0

Action                   |  1- 3 |  4- 6 |  7- 9 | 10-12 || total
-------------------------+-------+-------+-------+-------++-------
Melee: Dagger            |    27 |     4 |    17 |    37 ||    85
 Cast: Ensorcelled Hiber |    10 |       |    20 |    21 ||    51
       Confuse           |     2 |       |     4 |    16 ||    22
       Mephitic Cloud    |       |       |       |     3 ||     3
  Use: Potion            |       |       |     1 |       ||     1
 Stab: Sleeping          |     4 |     4 |    14 |     6 ||    28
       Confused          |     1 |       |     1 |    11 ||    13
       Distracted        |       |       |       |     1 ||     1
  Eat: Ration            |       |       |       |     1 ||     1
Armor: Robe              |       |       |       |     1 ||     1
Dodge: Dodged            |    12 |       |    14 |    11 ||    37
